 Dungeon Crawl Stone Soup version 0.29-a0-23-ga79f92ac9c (webtiles) character file.

Game seed: 15820299321607602511

456 horus123 the Conjurer (level 7, -7/46 HPs)
             Began as a Human Hedge Wizard on Jan 30, 2022.
             Mangled by Crazy Yiuf (16 damage)
             ... on level 4 of the Dungeon.
             The game lasted 00:13:45 (6454 turns).

horus123 the Conjurer (Human Hedge Wizard)          Turns: 6454, Time: 00:13:47

Health: -7/46      AC:  4    Str: 10    XL:     7   Next: 27%
Magic:  13/13      EV: 12    Int: 17    God:
Gold:   182        SH:  0    Dex: 12    Spells: 1/14 levels left

rFire   . . .      SeeInvis .   k - +0 flail
rCold   . . .      Faith    .   (no shield)
rNeg    . . .      Spirit   .   b - +0 robe
rPois   .          Reflect  .   c - +0 hat
rElec   .          Harm     .   n - +0 cloak
rCorr   .          Rampage  .   (no gloves)
Will    .....                   h - +0 pair of boots
Stlth   ++........              (no amulet)
HPRegen 0.15/turn               (no ring)
MPRegen 0.13/turn               (no ring)

@: no status effects
A: no striking features
a: no special abilities


You were on level 4 of the Dungeon.
You visited 1 branch of the dungeon, and saw 4 of its levels.

You collected 182 gold pieces.

Inventory:

Hand Weapons
 d - a +0 short sword
 k - a +0 flail (weapon)
 l - a +0 halberd
Missiles
 i - 2 throwing nets
Armour
 b - a +0 robe (worn)
 c - a +0 hat (worn)
 h - a +0 pair of boots (worn)
 n - a +0 cloak (worn)
Magical Staves
 o - a staff of fire
Scrolls
 a - 3 scrolls of teleportation
 j - a scroll of fear
Potions
 f - 2 potions of might
 g - 3 potions of brilliance
 q - a potion of magic {unknown}
 r - a potion of mutation {unknown}
 s - a potion of degeneration {unknown}


   Skills:
 - Level 2.0 Dodging
 - Level 2.0 Stealth
 - Level 4.0 Spellcasting
 - Level 5.0 Conjurations
 + Level 3.8 Hexes
 - Level 1.0 Summonings
 - Level 1.0 Translocations


You had one spell level left.
You knew the following spells:

 Your Spells              Type           Power      Damage    Failure   Level
a - Magic Dart            Conj           80%        1d7       1%          1
b - Searing Ray           Conj           40%        2d5       3%          2
c - Ensorcelled Hibernat  Hex/Ice        18%        N/A       11%         2
d - Fulminant Prism       Conj/Hex       9%         3d7       26%         4
e - Anguish               Hex/Necr       4%         N/A       56%         4

Your spell library contained the following spells:

 Spells                   Type           Power      Damage    Failure   Level
 Slow                     Hex            64%        N/A       3%          1
 Summon Small Mammal      Summ           24%        N/A       11%         1
 Confusing Touch          Hex            16%        N/A       10%         3
 Blink                    Tloc           12%        N/A       16%         2
 Call Imp                 Summ           6%         N/A       16%         2
 Conjure Flame            Conj/Fire      11%        6-21      17%         3
 Summon Guardian Golem    Hex/Summ       11%        N/A       17%         3
 Mephitic Cloud           Conj/Pois/Air  9%         N/A       24%         3
 Call Canine Familiar     Summ           6%         N/A       30%         3
 Spider Form              Tmut/Pois      3%         N/A       43%         3
 Vampiric Draining        Necr           3%         2d6       43%         3


Dungeon Overview and Level Annotations

Branches:
Dungeon (4/15)
 Temple: D:4-7

Altars:

Annotations:
D:4 Crazy Yiuf


Message History

Aim: Crazy Yiuf, wielding a +2 quarterstaff of chaos and wearing a +1 cloak of poison resistance (fire blocked by a runed translucent door, about 44% to evade your +0 flail)
You can't get through.
Okay, then.
You open the door.
Crazy Yiuf laughs, "You!"
Casting: Magic Dart (safe; 1% risk of failure)
Confirm with . or Enter, or press ? or * to list all spells.
Aiming: Ensorcelled Hibernation (safe; 11% risk of failure)
Press: ? - help, Shift-Dir - straight line, f - Crazy Yiuf
Aim: Crazy Yiuf, wielding a +2 quarterstaff of chaos and wearing a +1 cloak of poison resistance (chance to affect: 51%) Nothing appears to happen.
Crazy Yiuf barely misses you.
You hit Crazy Yiuf.
Crazy Yiuf is lightly wounded.
Crazy Yiuf hits you with a +2 quarterstaff of chaos!
Crazy Yiuf burns you.
Crazy Yiuf hits you with a +2 quarterstaff of chaos.
You are poisoned.
You feel very sick.
You feel very sick.
You feel sick.
You feel sick.
You feel sick.
You feel sick.
You feel sick.
You feel sick.
You feel sick.
Crazy Yiuf cries, "Shower!
Island disdain eyeball."
You feel sick.
You are no longer poisoned.
Crazy Yiuf yells, "Goober sanguine foot!"
You feel better. Crazy Yiuf closely misses you.
You feel better. Crazy Yiuf closely misses you.
You feel better.
Crazy Yiuf hits you with a +2 quarterstaff of chaos!
Crazy Yiuf freezes you!
* * * LOW HITPOINT WARNING * * *
As you read the scroll of summoning, it crumbles to dust.
Wisps of shadow whirl around you...
Crazy Yiuf hits you with a +2 quarterstaff of chaos!
You die...

.#..#######..#.##### ##.#
...............# #.# #.##
.............#.# #.# ##.#
.#..########.#.###.# ##.##
.#..# #.......# ##.P.# ....#
###.#.#.# #P...# .##.#
#.#.#.# #....# ....#
#.#.#.#######..##
##############rr@go.........#
#.........S#########...##
############ #####


You could see Crazy Yiuf (ally target), a friendly orc (summoned), 2 friendly
quokkas and a friendly ball python (summoned).

Vanquished Creatures
  Menkaure (D:4)
  A kobold brigand (D:4)
  8 gnolls (D:2)
  9 adders
  4 worms
  A dart slug (D:1)
  3 orcs (D:4)
  4 endoplasms
  4 giant cockroaches
  7 goblins
  6 hobgoblins
  15 jackals
  4 quokkas
  6 ball pythons
  3 bats
  5 frilled lizards
  9 kobolds
  10 rats
100 creatures vanquished.

Vanquished Creatures (others)
  A plant (D:1)
1 creature vanquished.

Grand Total: 101 creatures vanquished

Notes
Turn   | Place    | Note
-------+----------+-------------------------------------------
     0 | D:1      | horus123 the Human Hedge Wizard began the quest for the
                  | Orb.
     0 | D:1      | Reached XP level 1. HP: 13/13 MP: 4/4
   490 | D:1      | Reached XP level 2. HP: 16/19 MP: 3/6
   550 | D:1      | Learned a level 2 spell: Searing Ray
   833 | D:1      | Found a faded altar of an unknown god.
  1065 | D:1      | Reached skill level 2 in Conjurations
  1341 | D:1      | Reached XP level 3. HP: 24/24 MP: 1/7
  1813 | D:1      | Learned a level 2 spell: Ensorcelled Hibernation
  1991 | D:2      | Reached XP level 4. HP: 21/30 MP: 1/9
  2522 | D:2      | Learned a level 4 spell: Fulminant Prism
  2611 | D:2      | Reached skill level 3 in Conjurations
  2889 | D:2      | Reached XP level 5. HP: 35/35 MP: 1/11
  3138 | D:2      | Reached skill level 4 in Conjurations
  4453 | D:3      | Reached XP level 6. HP: 41/41 MP: 1/12
  4639 | D:3      | Learned a level 4 spell: Anguish
  5301 | D:4      | Found a runed translucent door.
  5302 | D:4      | Noticed Crazy Yiuf
  5477 | D:4      | Reached skill level 5 in Conjurations
  5691 | D:4      | Noticed Menkaure
  5698 | D:4      | Killed Menkaure
  5699 | D:4      | Reached XP level 7. HP: 40/46 MP: 4/13
  6454 | D:4      | Mangled by Crazy Yiuf

Illustrated notes

Levels and vault maps discovered:
D:1:      wheals_arrival_shading, layout_basic, dreamdust_ecumenical_altar_grove
D:2:      layout_basic
D:3:      layout_basic, chequers_serial_rivers_small_3,
          ebering_dispersal_statue_hall
D:4:      layout_basic, uniq_crazy_yiuf_cottage, uniq_menkaure

Skill      XL: |  1  2  3  4  5  6  7 |
---------------+----------------------+-----
Conjurations   | 2 3 4 5 |  5.0
Spellcasting   | 4 |  4.0
Hexes          | 2 3 |  3.8
Dodging        | |  2.0
Stealth        | |  2.0
Summonings     | |  1.0
Translocations | |  1.0

Action                   |  1- 3 |  4- 6 |  7- 9 || total
-------------------------+-------+-------+-------++-------
Melee: Dagger            |     9 |       |       ||     9
       Short sword       |    10 |     8 |       ||    18
       Punch             |       |     1 |       ||     1
       Flail             |       |    15 |     5 ||    20
 Cast: Magic Dart        |    73 |   135 |    17 ||   225
       Searing Ray       |       |    12 |     1 ||    13
       Ensorcelled Hiber |       |       |     1 ||     1
  Use: Scroll            |     2 |     2 |     5 ||     9
       Potion            |       |       |     3 ||     3
Armor: Robe              |     3 |    15 |     1 ||    19
Dodge: Dodged            |     9 |    53 |     6 ||    68

Table legend: (Time is in decaauts)
 A = Elapsed time spent in this place.
 B = Non-inter-level travel time spent in this place.
 C = Inter-level travel time spent in this place.
 D = Time resting spent in this place.
 E = Time spent auto-exploring this place.
 F = Levels seen in this place.
 G = Mean time per level.
                   A        B        C        D        E       F      G
               +--------+--------+--------+--------+--------+-----+--------+
         Total |   6465 |   6407 |     58 |   2050 |   3592 |   4 | 1616.2 |
       Dungeon |   6465 |   6407 |     58 |   2050 |   3592 |   4 | 1616.2 |
               +--------+--------+--------+--------+--------+-----+--------+

Top non-repeatable levels by time:
     D:1: 1954 daAuts
     D:2: 1612 daAuts
     D:3: 1584 daAuts
     D:4: 1314 daAuts
